Map: [ESL] Cosmic Sapphire

Players

Creator - Winner!

  • Race: Protoss Protoss
  • Spawn Location: 5:00

Krystianer

  • Race: Protoss Protoss
  • Spawn Location: 11:00

Event: DreamHack SC2 Masters 2022 Valencia

VOD

Have the link to the VOD?

Description

Time

  • Played on: July 1, 2022, 12:59 p.m.
  • Length: 4:47

All games in this series

Show
View Real Time Build Order
Export as new Build Order

Creator Protoss - Winner!

Build Orders:  

Get SALT Encoding   

  12  0:00  Probe  
  13  0:12  Probe  
  14  0:16  Pylon  
  14  0:24  Probe (Chrono Boost)  
  15  0:36  Probe (Chrono Boost)  
  15  0:38  Gateway  
  16  0:43  Probe (Chrono Boost)  
  16  0:46  Assimilator  
  17  0:51  Probe  
  17  0:56  Assimilator  
  18  1:03  Probe (Chrono Boost)  
  19  1:07  Gateway  
  19  1:12  Probe (Chrono Boost)  
  19  1:17  Probe (Chrono Boost)  
  21  1:25  Cybernetics Core  
  21  1:29  Probe  
  22  1:33  Pylon  
  22  1:41  Probe  
  23  1:53  Probe  
  24  1:59  Warp Gate (Chrono Boost)  
  24  2:02  Stalker x2  
  28  2:11  Pylon  
  28  2:32  Stalker x2  
  28  2:36  Gateway  
  32  2:41  Probe  
  33  2:53  Shield Battery  
  33  3:02  Stalker x2  
  33  3:05  Pylon  
  36  3:41  Stalker x3  
  40  4:06  Stalker  
  40  4:07  Stalker x2  
  44  4:30  Stalker x3  
Show
View Real Time Build Order
Export as new Build Order

Krystianer Protoss 

Build Orders: Oracle Opening 

Get SALT Encoding   

  12  0:00  Probe  
  13  0:12  Probe  
  14  0:16  Pylon  
  14  0:24  Probe (Chrono Boost)  
  16  0:36  Probe (Chrono Boost)  
  16  0:37  Gateway  
  16  0:42  Probe (Chrono Boost)  
  17  0:45  Assimilator  
  17  0:50  Probe  
  17  0:53  Assimilator  
  18  1:03  Probe (Chrono Boost)  
  19  1:07  Gateway  
  20  1:12  Probe (Chrono Boost)  
  20  1:17  Probe (Chrono Boost)  
  20  1:24  Cybernetics Core  
  21  1:29  Probe  
  22  1:35  Pylon  
  22  1:42  Probe  
  23  1:54  Probe  
  24  2:02  Stalker, Stargate  
  24  2:07  Probe  
  27  2:11  Stalker  
  29  2:20  Warp Gate, Probe  
  30  2:26  Pylon  
  30  2:45  Oracle (Chrono Boost)  
  33  3:00  Nexus  
  33  3:03  Probe  
  34  3:13  Oracle (Chrono Boost)  
  34  3:19  Probe  
  38  3:26  Pylon  
  38  3:31  Probe  
  37  3:43  Probe  
  37  3:46  Robotics Facility  
  38  3:49  Shield Battery  
  38  3:56  Probe  
  38  3:57  Pylon  
  39  4:03  Shield Battery  
  39  4:07  Stalker  
  39  4:08  Probe  
  42  4:15  Pylon  
  40  4:19  Probe  
  32  4:38  Sentry  

Tags
 
Add a new tag
Caveats
  • Supply blocks, unpowered buildings, or Contaminate may cause inaccurate times.
  • Supply counts are checked every 10 seconds.